Map: Jagannatha LE

Players

Gerald

  • Race: Protoss Protoss

ShaDoWn - Winner!

  • Race: Protoss Protoss

Event: DreamHack SC2 Masters 2021 Winter

VOD

Have the link to the VOD?

Description

Time

  • Played on: Oct. 10, 2021, 2:36 p.m.
  • Length: 17:23

All games in this series

Show
View Real Time Build Order
Export as new Build Order

Gerald Protoss 

Build Orders: Blink Stalkers 

Get SALT Encoding   

  12  0:00  Probe  
  13  0:12  Probe  
  14  0:17  Pylon  
  14  0:24  Probe (Chrono Boost)  
  16  0:37  Probe (Chrono Boost)  
  16  0:38  Gateway  
  16  0:43  Probe (Chrono Boost)  
  16  0:46  Assimilator  
  17  0:51  Probe  
  17  0:56  Assimilator  
  18  1:03  Probe (Chrono Boost)  
  19  1:09  Gateway  
  19  1:13  Probe (Chrono Boost)  
  19  1:18  Probe  
  21  1:27  Cybernetics Core  
  21  1:30  Probe  
  22  1:38  Pylon  
  22  1:42  Probe  
  23  1:56  Probe  
  23  2:00  Warp Gate (Chrono Boost)  
  24  2:03  Stalker x2  
  28  2:08  Probe  
  28  2:13  Pylon  
  29  2:22  Probe  
  30  2:25  Pylon  
  30  2:34  Probe  
  31  2:40  Twilight Council  
  31  2:46  Probe  
  32  2:59  Nexus  
  32  3:01  Probe  
  33  3:11  Shield Battery  
  33  3:13  Probe  
  33  3:19  Blink (Chrono Boost)  
  34  3:25  Robotics Facility  
  34  3:30  Probe  
  34  3:43  Probe  
  34  3:44  Adept x2  
  39  3:57  Pylon  
  39  4:11  Probe (Chrono Boost)  
  39  4:12  Probe (Chrono Boost)  
  39  4:15  Observer  
  39  4:16  Stalker x2  
  46  4:23  Probe (Chrono Boost)  
  46  4:24  Probe (Chrono Boost)  
  48  4:30  Probe x2 (Chrono Boost)  
  49  4:35  Shield Battery  
  49  4:37  Probe  
  45  4:42  Probe  
  46  4:49  Probe  
  46  4:50  Stalker  
  46  4:51  Stalker  
  49  4:53  Observer  
  49  4:54  Probe  
  51  5:01  Probe  
  51  5:06  Probe  
  53  5:14  Probe  
  53  5:15  Nexus  
  53  5:17  Forge  
  54  5:25  Stalker, Probe  
  54  5:26  Stalker  
  54  5:28  Probe  
  58  5:37  Probe  
  57  5:44  Probe, Protoss Ground Weapons Level 1 (Chrono Boost)  
  57  5:48  Stalker  
  60  5:50  Stalker  
  60  5:51  Observer  
  61  6:06  Gateway  
  61  6:10  Gateway  
  60  6:17  Pylon  
  59  6:18  Pylon  
  59  6:22  Probe  
  59  6:24  Immortal (Chrono Boost)  
  60  6:29  Probe  
  65  6:34  Probe  
  65  6:35  Stalker x2  
  65  6:39  Gateway  
  68  6:40  Shield Battery  
  68  6:41  Probe  
  68  6:46  Probe  
  70  6:52  Gateway  
  70  6:53  Probe  
  71  6:58  Observer, Probe  
  73  7:01  Charge (Chrono Boost)  
  73  7:05  Probe x2  
  75  7:10  Probe  
  75  7:12  Zealot x3  
  82  7:17  Probe  
  82  7:18  Probe  
  85  7:22  Probe  
  85  7:29  Probe  
  86  7:30  Probe  
  86  7:31  Gateway x2  
  86  7:34  Gateway x2, Probe  
  88  7:40  Assimilator  
  88  7:44  Templar Archives  
  88  7:47  Zealot x2  
  92  7:54  Assimilator  
  92  7:55  Protoss Ground Weapons Level 2 (Chrono Boost), Pylon  
  92  7:57  Pylon  
  92  8:03  Observer  
  92  8:07  Pylon  
  92  8:13  Warp Prism, Pylon x2  
  94  8:20  Probe x2, Pylon  
  96  8:28  Zealot x6  
  107  8:41  Zealot x2, High Templar x2  
  111  8:47  Archon  
  111  8:48  Probe  
  116  8:50  Pylon  
  116  8:54  Observer  
  115  8:56  Zealot x6  
  128  9:03  Pylon  
  128  9:05  Zealot x2  
  132  9:17  Probe x2  
  132  9:19  Probe  
  132  9:23  Assimilator  
  135  9:26  Assimilator  
  135  9:29  Probe x2  
  135  9:30  Photon Cannon, Nexus  
  137  9:35  Pylon  
  137  9:37  Zealot  
  140  9:40  Observer, Zealot  
  140  9:41  Zealot, Probe  
  140  9:43  Probe  
  138  9:49  High Templar  
  138  9:50  High Templar x3  
  138  9:52  Probe  
  147  9:53  Probe  
  147  9:57  Robotics Bay, Probe  
  149  10:04  Probe  
  149  10:05  Probe  
  149  10:06  Pylon  
  151  10:09  Probe  
  152  10:14  Photon Cannon  
  152  10:16  Probe, Pylon  
  152  10:19  Robotics Facility  
  152  10:28  Photon Cannon, Shield Battery  
  152  10:29  High Templar x2  
  152  10:30  Zealot x2  
  152  10:31  Archon x2  
  152  10:33  Archon  
  160  10:42  Zealot x2  
  162  10:45  Zealot x4  
  166  10:54  Zealot x2  
  138  11:00  Disruptor (Chrono Boost)  
  138  11:04  Zealot x3  
  125  11:07  Zealot x2  
  126  11:12  Zealot  
  126  11:16  Zealot x2  
  128  11:20  Probe  
  121  11:28  High Templar x4  
  121  11:32  Probe, Disruptor (Chrono Boost)  
  133  11:33  Stalker  
  133  11:36  Archon x2  
  133  11:37  Probe  
  136  11:40  Probe  
  136  11:42  Stalker x2  
  136  11:44  Probe  
  142  11:48  Protoss Ground Weapons Level 3 (Chrono Boost)  
  142  11:53  Probe  
  143  11:58  Photon Cannon  
  143  11:59  Shield Battery  
  143  12:00  Probe, Pylon  
  144  12:10  Photon Cannon  
  144  12:12  Dark Shrine  
  144  12:16  Probe  
  144  12:17  Photon Cannon  
  144  12:19  Probe, Shield Battery  
  144  12:20  Gravitic Boosters, Pylon  
  146  12:23  Stalker  
  146  12:28  Zealot  
  146  12:29  Zealot x2  
  154  12:32  Disruptor  
  154  12:35  Probe  
  158  12:42  Observer  
  158  12:44  Assimilator  
  159  12:46  Assimilator, Pylon  
  159  12:48  Photon Cannon  
  159  12:49  Shield Battery  
  157  13:00  Disruptor (Chrono Boost)  
  157  13:02  Probe  
  157  13:05  Disruptor (Chrono Boost)  
  161  13:06  Probe  
  165  13:16  Stalker x8  
  181  13:28  Disruptor  
  182  13:37  Disruptor  
  167  13:47  Zealot x6  
  179  13:51  Dark Templar  
  179  13:52  Dark Templar x2  
  182  14:00  Zealot  
  182  14:04  Disruptor  
  182  14:08  Dark Templar  
  185  14:13  Disruptor  
  184  14:21  Stalker x6  
  184  14:23  Nexus  
  188  14:35  Pylon  
  186  14:48  Pylon  
  186  14:52  Dark Templar x7  
  200  14:56  Protoss Ground Armor Level 1 (Chrono Boost)  
  178  15:25  Stalker x5  
  166  15:39  Dark Templar x3  
  146  15:49  Probe  
  123  15:54  Disruptor x2  
  102  16:04  Stalker x6  
  102  16:07  Probe  
  115  16:17  Dark Templar  
  117  16:18  Zealot x2  
  117  16:19  Zealot  
  117  16:20  Probe  
  99  16:28  Stalker x2  
  99  16:29  Stalker  
  91  16:34  Probe x2  
  86  16:42  Dark Templar  
  86  16:43  Zealot  
  86  16:44  Zealot  
Show
View Real Time Build Order
Export as new Build Order

ShaDoWn Protoss - Winner!

Build Orders:  

Get SALT Encoding   

  12  0:00  Probe  
  13  0:12  Probe  
  14  0:17  Pylon  
  14  0:24  Probe  
  15  0:36  Probe (Chrono Boost)  
  15  0:38  Gateway  
  16  0:45  Probe (Chrono Boost)  
  16  0:47  Assimilator  
  17  0:51  Probe  
  17  0:55  Assimilator  
  18  1:03  Probe (Chrono Boost)  
  19  1:08  Gateway  
  19  1:14  Probe (Chrono Boost)  
  20  1:19  Probe (Chrono Boost)  
  20  1:25  Cybernetics Core  
  21  1:29  Probe  
  22  1:34  Pylon  
  22  1:41  Probe  
  23  1:53  Probe  
  24  2:01  Stalker, Warp Gate  
  24  2:06  Sentry  
  28  2:17  Pylon  
  28  2:25  Probe  
  29  2:32  Sentry  
  29  2:35  Stalker  
  34  2:37  Probe  
  33  2:49  Nexus  
  33  2:52  Probe  
  34  3:00  Shield Battery  
  34  3:04  Probe  
  35  3:16  Probe  
  35  3:18  Pylon  
  36  3:27  Twilight Council  
  36  3:28  Probe (Chrono Boost)  
  36  3:34  Forge  
  37  3:40  Probe (Chrono Boost)  
  38  3:48  Probe (Chrono Boost)  
  39  3:50  Adept x2  
  39  3:55  Probe (Chrono Boost)  
  43  4:01  Probe (Chrono Boost)  
  45  4:04  Blink (Chrono Boost)  
  45  4:07  Probe (Chrono Boost)  
  47  4:11  Probe (Chrono Boost)  
  47  4:12  Sentry  
  47  4:14  Probe (Chrono Boost)  
  50  4:18  Protoss Ground Weapons Level 1  
  50  4:24  Pylon  
  50  4:27  Probe  
  51  4:33  Probe  
  52  4:39  Probe  
  52  4:42  Stalker  
  52  4:43  Stalker  
  52  4:45  Probe  
  58  4:51  Probe, Pylon  
  57  4:56  Pylon  
  57  4:57  Probe  
  58  5:04  Robotics Facility, Probe  
  59  5:21  Stalker x2, Gateway  
  63  5:24  Gateway, Probe  
  63  5:26  Assimilator, Probe  
  64  5:35  Gateway  
  62  5:36  Probe  
  62  5:38  Pylon  
  63  5:44  Stalker x2  
  63  5:46  Probe  
  63  5:48  Probe  
  67  5:53  Observer (Chrono Boost)  
  67  5:58  Probe  
  67  6:01  Pylon  
  66  6:07  Probe  
  66  6:10  Stalker x2  
  71  6:12  Pylon  
  71  6:17  Stalker, Probe  
  74  6:24  Nexus, Assimilator  
  74  6:26  Probe  
  74  6:30  Probe, Pylon  
  76  6:38  Probe  
  77  6:42  Probe, Protoss Ground Weapons Level 2 (Chrono Boost)  
  78  6:47  Charge  
  78  6:50  Observer, Probe  
  80  6:55  Probe  
  80  6:57  Shield Battery  
  81  7:02  Gateway, Probe  
  81  7:03  Gateway  
  82  7:10  Immortal (Chrono Boost)  
  82  7:13  Adept x2  
  82  7:15  Probe  
  91  7:17  Probe  
  92  7:30  Probe  
  92  7:35  Gateway  
  92  7:39  Warp Prism (Chrono Boost)  
  92  7:44  Zealot x3  
  100  7:46  Zealot  
  100  7:47  Zealot  
  104  8:01  Pylon  
  104  8:03  Pylon  
  104  8:04  Assimilator  
  100  8:15  Zealot x7  
  114  8:20  Templar Archives  
  114  8:25  Photon Cannon  
  114  8:40  Zealot x7, Pylon  
  128  9:00  High Templar x5  
  128  9:01  Nexus, High Templar  
  128  9:02  Pylon  
  140  9:04  Archon x2, Pylon  
  140  9:05  Archon  
  140  9:14  Pylon  
  140  9:20  High Templar x2  
  144  9:27  Archon  
  144  9:31  Protoss Ground Weapons Level 3 (Chrono Boost)  
  144  9:32  Zealot  
  144  9:33  Zealot  
  144  9:34  Zealot x4  
  144  9:37  Pylon  
  155  9:54  High Templar  
  155  9:55  Zealot x5, High Templar  
  166  10:00  Archon, Pylon x2  
  166  10:07  Zealot  
  168  10:16  Zealot x3, High Templar x2  
  168  10:17  Probe  
  168  10:18  Probe x3  
  168  10:20  Archon  
  182  10:25  Gateway x2  
  182  10:29  Zealot  
  182  10:30  Zealot  
  182  10:31  Probe  
  186  10:46  Probe  
  183  10:51  Zealot x8  
  183  10:52  Probe  
  183  10:55  Probe x2  
  166  10:59  Probe  
  157  11:05  Probe  
  158  11:12  Robotics Facility  
  158  11:14  Robotics Bay  
  158  11:15  Probe x2  
  158  11:16  Robotics Facility, Dark Shrine  
  154  11:19  Probe  
  144  11:27  Probe x2  
  144  11:31  Assimilator x2  
  144  11:32  Shield Battery  
  143  11:37  Photon Cannon  
  143  11:41  Observer (Chrono Boost)  
  143  11:46  Pylon  
  144  11:56  Observer (Chrono Boost)  
  144  11:58  Gravitic Boosters (Chrono Boost)  
  144  12:00  Disruptor (Chrono Boost)  
  145  12:03  Disruptor (Chrono Boost)  
  151  12:08  Protoss Shields Level 1 (Chrono Boost)  
  151  12:13  Disruptor (Chrono Boost)  
  151  12:14  Pylon  
  154  12:20  Pylon  
  154  12:23  Disruptor (Chrono Boost)  
  154  12:26  Nexus  
  154  12:28  Disruptor (Chrono Boost)  
  158  12:30  Pylon  
  158  12:33  Photon Cannon, Shadow Stride (Chrono Boost)  
  158  12:36  Photon Cannon  
  156  12:37  Shield Battery  
  156  12:39  Disruptor (Chrono Boost)  
  156  12:40  Stalker x7  
  171  12:57  Disruptor (Chrono Boost)  
  177  13:01  Disruptor (Chrono Boost)  
  177  13:05  Disruptor (Chrono Boost)  
  178  13:12  Stalker x3  
  178  13:13  Stalker x4  
  178  13:18  Shield Battery  
  192  13:23  Stalker x3  
  198  13:28  Shield Battery  
  196  13:38  Dark Templar x2  
  196  13:39  Zealot x4  
  198  13:51  Probe x2  
  198  13:52  Photon Cannon  
  180  13:57  Probe  
  181  14:05  Observer  
  181  14:12  Probe  
  181  14:13  Disruptor x2  
  181  14:16  Stalker x8  
  196  14:21  Probe  
  196  14:22  Assimilator x2  
  176  14:26  Probe x2  
  176  14:28  Dark Templar x2  
  176  14:29  Probe  
  183  14:33  Assimilator  
  183  14:34  Photon Cannon  
  183  14:36  Photon Cannon  
  183  14:39  Observer (Chrono Boost)  
  183  14:53  Dark Templar x3  
  183  14:54  Zealot  
  183  14:56  Nexus  
  192  15:03  Photon Cannon x2  
  192  15:05  Observer (Chrono Boost), Probe x2  
  192  15:06  Pylon  
  194  15:11  Observer, Disruptor (Chrono Boost)  
  194  15:13  Stalker  
  193  15:27  Stalker x4  
  193  15:39  Disruptor  
  193  15:41  Probe  
  176  15:47  Probe  
  176  15:49  Stalker x6  
  178  15:56  Stalker  
  160  16:05  Dark Templar x3  
  166  16:12  Dark Templar  
  166  16:13  Zealot x5  
  162  16:32  Observer x2  
  156  16:36  Probe  
  156  16:37  Disruptor  
  156  16:39  Zealot x3  
  164  16:40  Zealot x4  
  172  16:53  Probe  
  152  17:01  Probe  
  152  17:06  Stalker x4  
  152  17:07  Stalker x4, Zealot x2  
  161  17:08  Probe  

Tags
 
Add a new tag
Caveats
  • Supply blocks, unpowered buildings, or Contaminate may cause inaccurate times.
  • Supply counts are checked every 10 seconds.